 Dungeon Crawl Stone Soup version 0.30.0-18-gc0e69614cb (webtiles) character file.

Game seed: 8343721406550850647

210 Irreverend the Shooter (level 5, -2/30 HPs)
             Began as a Deep Elf Hexslinger on May 25, 2023.
             Slain by a scorpion (7 damage)
             ... on level 4 of the Dungeon.
             The game lasted 00:03:10 (2465 turns).

Irreverend the Shooter (Deep Elf Hexslinger)        Turns: 2465, Time: 00:03:11

Health: -2/30      AC:  2    Str:  7    XL:     5   Next: 56%
Magic:  9/9        EV: 15    Int: 24    God:
Gold:   178        SH:  5    Dex: 23    Spells: 6/7 levels left

rFire   . . .        a - +1 sling
rCold   . . .        (no shield)
rNeg    . . .        c - +0 robe
rPois   .            (no helmet)
rElec   .            (no cloak)
rCorr   .            (no gloves)
SInv    .            (no boots)
Will    .....        f - amulet of reflection
Stlth   ++           i - +6 ring of intelligence
HPRegen 0.25/turn    t - +6 ring of dexterity
MPRegen 0.11/turn

%: reflection
@: no status effects
A: no striking features
a: no special abilities


You were on level 4 of the Dungeon.
You visited 1 branch of the dungeon, and saw 4 of its levels.

You collected 178 gold pieces.

Inventory:

Hand Weapons
 a - a +1 sling (weapon)
Armour
 c - a +0 robe (worn)
 s - a +0 leather armour
Jewellery
 f - an amulet of reflection (around neck)
 i - a +6 ring of intelligence (left hand)
 j - a ring of ice
 k - a ring of ice
 t - a +6 ring of dexterity (right hand)
Scrolls
 b - a scroll of poison
 d - a scroll of fear {unknown}
 e - a scroll of magic mapping {unknown}
 g - 2 scrolls of teleportation {unknown}
 h - 3 scrolls of amnesia {unknown}
 l - 2 scrolls of vulnerability {unknown}
 q - 2 scrolls of identify {unknown}
 u - 3 scrolls of noise {unknown}
 w - a scroll of butterflies {unknown}
Potions
 m - a potion of lignification {unknown}
 n - 2 potions of curing {unknown}
 o - 3 potions of mutation {unknown}
 p - a potion of flight {unknown}
 r - 2 potions of berserk rage {unknown}
 v - a potion of brilliance {unknown}


   Skills:
 + Level 2.2 Fighting
 * Level 5.8 Ranged Weapons
 + Level 4.0 Dodging
 - Level 1.5 Spellcasting
 - Level 4.0 Hexes


You had 6 spell levels left.
You knew the following spells:

 Your Spells              Type           Power      Damage    Failure   Level
a - Slow                  Hex            84%        N/A       2%          1

Your spell library contained the following spells:

 Spells                   Type           Power      Damage    Failure   Level
 Apportation              Tloc           2%         N/A       13%         1
 Sting                    Tmut/Pois      4%         1d3       13%         1
 Inner Flame              Hex/Fire       11%        N/A       17%         3
 Portal Projectile        Hex/Tloc       22%        N/A       17%         3
 Summon Guardian Golem    Hex/Summ       11%        N/A       17%         3
 Poisonous Vapours        Pois/Air       2%         N/A       19%         2
 Cause Fear               Hex            10%        N/A       24%         4
 Olgreb's Toxic Radiance  Pois           1%         N/A       77%         4
 Alistair's Intoxication  Tmut/Pois      0%         N/A       98%         5
 Orb of Destruction       Conj           0%         9d5       100%        7
 Spellforged Servitor     Conj/Summ      0%         N/A       100%        7


Dungeon Overview and Level Annotations

Branches:
Dungeon (4/15)
 Temple: D:4-7

Altars:
Gozag
Trog


Message History

A kobold comes into view. It is wielding a +0 whip.
You shoot a sling bullet.
The sling bullet hits the scorpion but does no damage.
The scorpion is heavily wounded.
You shoot a sling bullet.
The sling bullet hits the scorpion but does no damage.
The scorpion is heavily wounded.
You shoot a sling bullet.
The sling bullet barely misses the scorpion.
The scorpion stings you.
You are poisoned.
The scorpion poisons you!
You shoot a sling bullet.
The sling bullet barely misses the scorpion.
You feel sick. The scorpion stings you.
You shoot a sling bullet. The sling bullet hits the scorpion.
The scorpion is heavily wounded.
You feel sick. The scorpion stings you.
You are too injured to fight recklessly!
You are too injured to fight recklessly!
You are too injured to fight recklessly!
You are too injured to fight recklessly!
The kobold attacks as you move away! The kobold misses you.
You feel sick. The scorpion stings you.
* * * LOW HITPOINT WARNING * * *
The kobold attacks as you move away! The kobold barely misses you.
You feel sick.
You shoot a sling bullet.
The sling bullet barely misses the kobold.
The sling bullet hits the scorpion but does no damage.
The scorpion is heavily wounded.
You feel sick. The kobold completely misses you.
You shoot a sling bullet. The sling bullet hits the kobold.
You kill the kobold!
You feel sick.
You are no longer poisoned.
You shoot a sling bullet.
The sling bullet completely misses the scorpion.
The scorpion stings you!
You die...

#. #. #.. #.
.#>.##. .......
## #....#.##.
#.......
##......#
#.<.....#####
...##...s@..##
#......###..#
#..#..#.####.#
..#..........#.##
....###.)........
#### #.)......##
.. #..####...#
#..####..#### ..#
#.#........# .#


You could see a scorpion.

Vanquished Creatures
  An orc priest (D:4)
  Jessica (D:3)
  An orc wizard (D:3)
  3 gnolls (D:4)
  2 adders (D:3)
  9 orcs
  8 bats
  8 endoplasms
  A giant cockroach (D:4)
  9 goblins
  3 hobgoblins
  5 jackals
  3 kobolds
  2 quokkas
  5 ball pythons
  2 frilled lizards
  5 rats
68 creatures vanquished.

Notes
Turn   | Place    | Note
-------+----------+-------------------------------------------
     0 | D:1      | Irreverend the Deep Elf Hexslinger began the quest for the
                  | Orb.
     0 | D:1      | Reached XP level 1. HP: 11/11 MP: 5/5
   143 | D:1      | Reached skill level 3 in Ranged Weapons
   146 | D:1      | Reached skill level 1 in Fighting
   192 | D:1      | Reached XP level 2. HP: 16/16 MP: 6/6
  1075 | D:2      | Reached XP level 3. HP: 20/20 MP: 7/7
  1285 | D:2      | Reached skill level 4 in Ranged Weapons
  1427 | D:3      | Noticed Jessica
  1447 | D:3      | Killed Jessica
  1518 | D:3      | Reached XP level 4. HP: 25/25 MP: 8/8
  1970 | D:3      | Reached skill level 5 in Ranged Weapons
  2035 | D:3      | Found a bloodstained altar of Trog.
  2224 | D:3      | Reached XP level 5. HP: 30/30 MP: 9/9
  2320 | D:3      | Found an opulent altar of Gozag.
  2465 | D:4      | Slain by a scorpion

Illustrated notes

Levels and vault maps discovered:
D:1:      dpeg_arrival_stonehenge_8_columns, layout_basic, minmay_pentomino_v2
D:2:      layout_loops_corners
D:3:      layout_basic, mainiacjoe_overflow_alcove_1, marbit_many_paths,
          serial_bayou_lagoon_a, uniq_jessica
D:4:      layout_rooms, fedhas_altar_1, gup_sewer_entry_bowl

Skill      XL: |  1  2  3  4  5 |
---------------+----------------+-----
Ranged Weapons | 3 4 5 |  5.8
Fighting       | 1 2 |  2.2
Dodging        | 3 4 |  4.0
Spellcasting   | |  1.5
Hexes          | |  4.0

Action                     |  1- 3 |  4- 6 || total
---------------------------+-------+-------++-------
   Fire: Sling             |    92 |    99 ||   191
   Cast: Slow              |     1 |       ||     1
 Armour: Robe              |     6 |     1 ||     7
  Dodge: Dodged            |    21 |    12 ||    33
  Block: Other             |     4 |    10 ||    14
